 Dungeon Crawl Stone Soup version 0.29-a0-380-gf50f0a9fbc (webtiles) character file.

Game seed: 16423817301111986353

47 bastard the Firebug (level 3, 0/19 HPs)
             Began as a Tengu Fire Elementalist on May 6, 2022.
             Slain by Crazy Yiuf
             ... wielding a +3 quarterstaff of chaos
              (11 damage)
             ... on level 2 of the Dungeon.
             The game lasted 00:02:26 (1748 turns).

bastard the Firebug (Tengu Fire Elementalist)       Turns: 1748, Time: 00:02:27

Health: 0/19       AC:  3    Str:  8    XL:     3   Next: 70%
Magic:  3/7        EV: 12    Int: 17    God:
Gold:   71         SH:  0    Dex: 14    Spells: 3/6 levels left

rFire   . . .      SeeInvis .   (no weapon)
rCold   . . .      Faith    .   (no shield)
rNeg    . . .      Spirit   .   a - +0 robe
rPois   .          Reflect  .   (helmet restricted)
rElec   .          Harm     .   (no cloak)
rCorr   .          Rampage  .   e - +0 pair of gloves
Will    .....                   (boots unavailable)
Stlth   ++........              (no amulet)
HPRegen 0.06/turn               (no ring)
MPRegen 0.10/turn               (no ring)

@: on berserk cooldown, slowed, very slow
A: beak, talons 3
a: no special abilities


You were on level 2 of the Dungeon.
You visited 1 branch of the dungeon, and saw 2 of its levels.

You collected 71 gold pieces.

Inventory:

Armour
 a - a +0 robe (worn)
 e - a +0 pair of gloves (worn)
Scrolls
 c - a scroll of identify {unknown}
 f - a scroll of amnesia
 h - 2 scrolls of immolation
Potions
 b - a potion of magic
 d - a potion of invisibility {unknown}
 g - a potion of degeneration {unknown}


   Skills:
 - Level 2.1 Dodging
 - Level 2.0 Stealth
 - Level 2.0 Spellcasting
 + Level 1.8 Conjurations
 + Level 4.9 Fire Magic


You had 3 spell levels left.
You knew the following spells:

 Your Spells              Type           Power      Damage    Failure   Level
a - Foxfire               Conj/Fire      52%        2x1d6     4%          1
b - Scorch                Fire           36%        2d7       3%          2

Your spell library contained the following spells:

 Spells                   Type           Power      Damage    Failure   Level
 Conjure Flame            Conj/Fire      13%        6-21      14%         3
 Inner Flame              Hex/Fire       10%        N/A       22%         3
 Flame Wave               Conj/Fire      13%        2d6       43%         4


Dungeon Overview and Level Annotations

Branches:
Dungeon (2/15)

Altars:

Annotations:
D:2 Crazy Yiuf


Innate Abilities, Weirdness & Mutations

You have a beak for a mouth.
You have claws for feet.


Message History

Crazy Yiuf attacks as you move away! Crazy Yiuf closely misses you.
Crazy Yiuf attacks as you move away! Crazy Yiuf closely misses you.
Crazy Yiuf attacks as you move away!
Crazy Yiuf hits you with a +3 quarterstaff of chaos!
A red film seems to cover your vision as you go berserk!
You feel yourself moving faster!
You feel mighty!
You feel a strong urge to attack something.
You feel your anger nearly subside.
You are no longer berserk.
You are exhausted.
You feel yourself slow down.
Crazy Yiuf grits, "Proton tortoise senile!"
Casting: Foxfire (safe; 4% risk of failure)
Confirm with . or Enter, or press ? or * to list all spells.
Flames lash Crazy Yiuf.
Crazy Yiuf is heavily wounded.
Crazy Yiuf's fire resistance burns away.
Crazy Yiuf says, "Iron hog mumblescurry!"
Casting: Scorch (safe; 3% risk of failure)
Confirm with . or Enter, or press ? or * to list all spells.
You conjure some foxfire!
Crazy Yiuf completely misses you.
Crazy Yiuf is no longer more vulnerable to fire.
The foxfire hits Crazy Yiuf.
Crazy Yiuf is heavily wounded.
The foxfire hits Crazy Yiuf but does no damage.
Crazy Yiuf is heavily wounded.
Crazy Yiuf yells, "Peeping!"
Crazy Yiuf hits you with a +3 quarterstaff of chaos.
Casting: Foxfire (safe; 4% risk of failure)
Confirm with . or Enter, or press ? or * to list all spells.
You conjure some foxfire!
Crazy Yiuf says, "Ice arm testudinal!"
Crazy Yiuf misses you.
Your foxfire dissipates!
The foxfire hits Crazy Yiuf.
Crazy Yiuf is severely wounded.
Crazy Yiuf screams, "You sanguine sing!"
Crazy Yiuf hits you with a +3 quarterstaff of chaos!
Ouch! That really hurt!
You die...

###......### #.
#..........## ##..
............## ##.... #
.......)<....# ..... ..
.......†.....####.... ...
........†.........# ....
.................####..#..
..........................
..............##@.........
#..............#g.###.....
###.###....###.#...## ##<
.. #..#### ##....# ...#
##..## ... #....# ##...#
##.## ##.#


You could see Crazy Yiuf.

Vanquished Creatures
  An adder (D:2)
  A worm (D:2)
  3 endoplasms
  2 goblins (D:1)
  4 hobgoblins (D:1)
  5 jackals (D:1)
  A quokka (D:2)
  3 ball pythons (D:1)
  4 bats
  6 frilled lizards (D:1)
  4 kobolds
  A rat (D:1)
35 creatures vanquished.

Vanquished Creatures (others)
  78 foxfires
78 creatures vanquished.

Grand Total: 113 creatures vanquished

Notes
Turn   | Place    | Note
-------+----------+-------------------------------------------
     0 | D:1      | bastard the Tengu Fire Elementalist began the quest for the
                  | Orb.
     0 | D:1      | Reached XP level 1. HP: 10/10 MP: 4/4
   247 | D:1      | Reached XP level 2. HP: 8/15 MP: 4/6
   250 | D:1      | Learned a level 2 spell: Scorch
   405 | D:1      | Reached skill level 4 in Fire Magic
   956 | D:1      | Reached XP level 3. HP: 19/19 MP: 5/7
  1481 | D:1      | Found a faded altar of an unknown god.
  1708 | D:2      | Found a runed translucent door.
  1709 | D:2      | Noticed Crazy Yiuf
  1748 | D:2      | Slain by Crazy Yiuf

Illustrated notes

Levels and vault maps discovered:
D:1:      ncdulo_halloftheorcs, layout_basic,
          dilly_ecumenical_altar_fadedgnrine, minmay_3d_cube
D:2:      layout_rooms, amcnicky_mini_pool_small, uniq_crazy_yiuf_cottage

Skill      XL: |  1  2 |
---------------+-------+-----
Fire Magic     | 4 |  4.9
Dodging        | |  2.1
Stealth        | |  2.0
Spellcasting   | |  2.0
Conjurations   | |  1.8

Action                   || total
-------------------------++-------
Melee: Unarmed           ||    11
       Kick              ||     4
 Cast: Foxfire           ||    49
       Scorch            ||     4
  Use: Scroll            ||     4
Armor: Robe              ||    14
Dodge: Dodged            ||    46

Table legend: (Time is in decaauts)
 A = Elapsed time spent in this place.
 B = Non-inter-level travel time spent in this place.
 C = Inter-level travel time spent in this place.
 D = Time resting spent in this place.
 E = Time spent auto-exploring this place.
 F = Levels seen in this place.
 G = Mean time per level.
                   A        B        C        D        E       F      G
               +--------+--------+--------+--------+--------+-----+--------+
         Total |   1748 |   1677 |     71 |      0 |   1449 |   2 |  874.0 |
       Dungeon |   1748 |   1677 |     71 |      0 |   1449 |   2 |  874.0 |
               +--------+--------+--------+--------+--------+-----+--------+

Top non-repeatable levels by time:
     D:1: 1569 daAuts
     D:2: 179 daAuts
